 Dungeon Crawl Stone Soup version 0.29.1-2-gbd0b4ee654 (webtiles) character file.

Game seed: 5211674853152546429

2726 wingedge the Chopper (level 9, -5/69 HPs)
             Began as a Palentonga Gladiator on Nov 1, 2022.
             Was a Believer of Sif Muna.
             Slain by an orc warrior
             ... wielding a +0 war axe
              (20 damage)
             ... in a bailey.
             The game lasted 00:35:21 (8701 turns).

wingedge the Chopper (Palentonga Gladiator)         Turns: 8701, Time: 00:35:21

Health: -5/69      AC: 17    Str: 20    XL:     9   Next: 40%
Magic:  10/15      EV: 10    Int: 12    God:    Sif Muna [**....]
Gold:   60         SH:  5    Dex: 18    Spells: 1/16 levels left

rFire   . . .      SeeInvis +   a - +0 war axe (flame)
rCold   . . .      Faith    .   i - +0 buckler
rNeg    . . .      Spirit   .   p - +2 robe {Will+}
rPois   .          Reflect  .   c - +1 helmet
rElec   .          Harm     .   g - +0 cloak
rCorr   .          Rampage  .   F - +0 pair of gloves
Will    +....                   (no barding)
Stlth   ++........              (no amulet)
HPRegen 0.21/turn               j - +6 ring of dexterity
MPRegen 0.14/turn               v - ring of wizardry

@: curled up
A: large, rugged brown scales 3, see invisible, deformed body, roll 1, armoured
tail, reflexive curl
a: Rolling Charge, Renounce Religion, Channel Magic


You were in a bailey.
You worshipped Sif Muna.
Sif Muna was pleased with you.
You visited 2 branches of the dungeon, and saw 8 of its levels.
You also visited: Sewer and Bailey.

You collected 193 gold pieces.
You spent 133 gold pieces at shops.

Inventory:

Hand Weapons
 a - a +0 war axe of flaming (weapon)
 h - a +1 flail of holy wrath
Missiles
 d - 3 silver boomerangs
 e - a javelin
 f - 19 poisoned darts
 H - 10 boomerangs (quivered)
Armour
 c - a +1 helmet (worn)
 g - a +0 cloak (worn)
 i - a +0 buckler (worn)
 p - a +2 robe of willpower (worn)
 F - a +0 pair of gloves (worn)
Jewellery
 j - a +6 ring of dexterity (left hand)
 v - a ring of wizardry (right hand)
 Q - a ring of positive energy
Wands
 b - a wand of charming (3)
 E - a wand of mindburst (22)
Scrolls
 k - 2 scrolls of immolation {unknown}
 o - a scroll of noise {unknown}
 s - 2 scrolls of poison {unknown}
 t - 4 scrolls of teleportation
 u - a scroll of magic mapping
 x - 3 scrolls of fear {unknown}
 y - a scroll of brand weapon
 C - a scroll of summoning {unknown}
Potions
 l - 2 potions of brilliance
 m - 2 potions of curing
 n - 5 potions of heal wounds
 q - a potion of mutation {unknown}
 r - 2 potions of attraction
 w - 3 potions of haste {unknown}
 z - a potion of resistance {unknown}
 A - 2 potions of magic {unknown}
 B - 2 potions of invisibility {unknown}
 G - a potion of cancellation {unknown}


   Skills:
 - Level 4.0 Fighting
 - Level 7.0 Axes
 - Level 1.3 Throwing
 - Level 2.0 Armour
 - Level 3.0 Dodging
 - Level 2.0 Shields
 - Level 4.0 Spellcasting
 - Level 4.0 Conjurations
 - Level 2.0 Hexes
 - Level 4.0 Summonings
 - Level 3.0 Fire Magic
 + Level 2.8 Invocations


You had one spell level left.
You knew the following spells:

 Your Spells              Type           Power      Damage    Failure   Level
a - Foxfire               Conj/Fire      40%        2x1d6     2%          1
b - Summon Small Mammal   Summ           48%        N/A       2%          1
c - Call Canine Familiar  Summ           12%        N/A       6%          3
d - Flame Wave            Conj/Fire      10%        2d6       26%         4
e - Confusing Touch       Hex            7%         N/A       14%         3
f - Stone Arrow           Conj/Erth      14%        3d7       14%         3

Your spell library contained the following spells:

 Spells                   Type           Power      Damage    Failure   Level
 Conjure Flame            Conj/Fire      10%        6-21      8%          3
 Summon Guardian Golem    Hex/Summ       9%         N/A       10%         3
 Ensorcelled Hibernation  Hex/Ice        8%         N/A       11%         2
 Inner Flame              Hex/Fire       8%         N/A       12%         3
 Passwall                 Tmut/Erth      1%         N/A       16%         2
 Spider Form              Tmut/Pois      2%         N/A       32%         3
 Swiftness                Air            2%         N/A       32%         3
 Animate Armour           Summ/Erth      14%        N/A       41%         4
 Anguish                  Hex/Necr       2%         N/A       54%         4
 Yara's Violent Unravell  Hex/Tmut       2%         3d3       86%         5
 Enfeeble                 Hex            3%         N/A       100%        7
 Lehudib's Crystal Spear  Conj/Erth      3%         10d3      100%        8


Dungeon Overview and Level Annotations

Branches:
Dungeon (7/15)             Temple (1/1) D:5           Sewer (visited)
 Bailey (1/1)

Altars:
Ashenzari
Cheibriados
Fedhas
Gozag
Hepliaklqana
Kikubaaqudgha
Makhleb
Nemelex Xobeh
Okawaru
Qazlal
Ru
Sif Muna
Uskayaw
Wu Jian
Xom
Yredelemnul
Zin
The Shining One

Shops:
D:1 :[?

Annotations:
D:4 3 runed translucent doors, DemonSlayer's ghost, amateur DsFE


Innate Abilities, Weirdness & Mutations

You are completely covered in rugged brown scales. (AC +3, +7% HP)
You have supernaturally acute eyesight. (SInv)
Armour fits poorly on your strangely shaped body.
You can roll at nearby foes to attack.
You have a long armoured tail.
You curl defensively after being hit. (AC +7*)


Message History

The orc warrior is severely wounded.
You hit the kobold. You burn the kobold.
You kill the kobold!
Sif Muna accepts your kill. You block the orc warrior's attack.
The orc warrior hits your hound with a +0 war axe!
Unknown command.
You closely miss the orc warrior.
The orc warrior is severely wounded.
The gnoll shouts!
Your hound misses the orc warrior. You block the orc warrior's attack.
The orc warrior hits your hound with a +0 war axe.
Your hound bites the orc warrior.
Unknown command.
Unknown command.
You hit the orc warrior but do no damage.
The orc warrior is almost dead.
Your hound barely misses the orc warrior.
The orc warrior hits you with a +0 war axe.
* * * LOW HITPOINT WARNING * * *
The orc warrior hits your hound with a +0 war axe!
Your hound dies!
Your hound's corpse disappears in a puff of smoke!
The orc warrior hits you but does no damage.
Unknown command.
You hit the orc warrior but do no damage.
The orc warrior is almost dead.
You block the orc warrior's attack.
Unknown command.
Unknown command.
You hit the orc warrior but do no damage.
Your tail-slap misses the orc warrior.
The orc warrior is almost dead.
The orc warrior completely misses you.
Unknown command.
Unknown command.
Casting: Call Canine Familiar (dangerous; 6% risk of failure)
Confirm with . or Enter, or press ? or * to list all spells.
The orc warrior hits you with a +0 war axe!!
You die...

#### ##.$?##
##....!##
######.......##
........8..8..##
.......h......?#
......(.(.....$#
#.)@o..8...#
####......#
~~~~~#.(...##♣
8...8g~#....##.♣
......###'###..♣♣
8...8. #.~~~...♣
...... #.~~~...♣
..∩... #.~~~...∩
#.........##.~~~...♣


You could see an orc warrior (ally target), a gnoll and a friendly hound
(summoned).

Vanquished Creatures
  Sigmund (D:5)
  Eustachio (D:4)
  A steam dragon (D:6)
  An acid dragon (D:6)
  2 water moccasins (D:6)
  An orc warrior (Bailey)
  An ice beast (D:6)
  An ogre (D:5)
  2 black bears
  4 kobold brigands
  Blork the orc (D:5)
  A scorpion (D:5)
  3 necrophages
  A howler monkey (D:4)
  3 orc priests
  A hound (D:5)
  2 jellies
  4 iguanas
  11 adders
  3 gnolls (D:3)
  A river rat (Sewer)
  2 ufetubi
  6 worms
  5 dart slugs
  22 orcs
  2 bats
  5 endoplasms
  6 giant cockroaches
  8 goblins
  10 hobgoblins
  6 jackals
  18 kobolds
  9 ball pythons
  5 frilled lizards
  8 rats
158 creatures vanquished.

Vanquished Creatures (collateral kills)
  A water moccasin (D:6)
  An ogre (D:6)
  A centaur (D:6)
  A howler monkey (D:6)
  2 orcs (D:6)
  3 goblins (Bailey)
  4 kobolds (Bailey)
13 creatures vanquished.

Vanquished Creatures (others)
  68 foxfires
  2 fungi (D:4)
  9 plants
79 creatures vanquished.

Grand Total: 250 creatures vanquished

Notes
Turn   | Place    | Note
-------+----------+-------------------------------------------
     0 | D:1      | wingedge the Palentonga Gladiator began the quest for the
                  | Orb.
     0 | D:1      | Reached XP level 1. HP: 17/17 MP: 1/1
    43 | D:1      | Found Uhobaepe's Book Shop.
    51 | D:1      | Found Vueqobucs's Antique Armour Boutique.
   251 | D:1      | Reached XP level 2. HP: 23/23 MP: 2/2
   483 | D:1      | Found Luitudd's Magic Scroll Boutique.
   615 | D:1      | Found a faded altar of an unknown god.
  1040 | D:2      | Reached XP level 3. HP: 31/31 MP: 3/3
  1159 | D:2      | Noticed a black bear
  1180 | D:2      | Killed a black bear
  1181 | D:2      | Reached skill level 1 in Spellcasting
  1181 | D:2      | Reached XP level 4. HP: 21/37 MP: 3/5
  1525 | D:2      | Reached XP level 5. HP: 42/43 MP: 6/6
  1774 | D:3      | Learned a level 1 spell: Foxfire
  1776 | D:3      | Found a hazy altar of Hepliaklqana.
  1811 | D:3      | Reached skill level 1 in Fire Magic
  2017 | D:3      | Found a faded altar of an unknown god.
  2846 | D:3      | Reached XP level 6. HP: 19/50 MP: 5/7
  3317 | D:3      | Found a shimmering blue altar of Sif Muna.
  3320 | D:3      | Became a worshipper of Sif Muna the Loreminder
  3400 | D:4      | Found a runed translucent gate.
  3401 | D:4      | Found a runed translucent gate.
  3402 | D:4      | Found a runed translucent gate.
  3732 | D:4      | Noticed Eustachio
  3760 | D:4      | Killed Eustachio
  3761 | D:4      | Gained mutation: You curl defensively after being hit. (AC
                  | +7*) [Palentonga growth]
  3761 | D:4      | Reached XP level 7. HP: 30/57 MP: 9/11
  4257 | D:4      | Reached skill level 1 in Shields
  4266 | D:4      | Reached * piety under Sif Muna
  4463 | D:4      | Noticed DemonSlayer's ghost (amateur DsFE)
  4672 | D:5      | Entered Level 5 of the Dungeon
  4844 | D:5      | Noticed Sigmund
  4845 | D:5      | Noticed Blork the orc
  4894 | D:5      | Killed Sigmund
  5008 | D:5      | Reached skill level 4 in Axes
  5046 | D:5      | Killed Blork the orc
  5138 | D:5      | Identified the +0 robe of Pride {Dex+5}
  5184 | D:5      | Reached skill level 5 in Axes
  5184 | D:5      | Reached XP level 8. HP: 36/64 MP: 12/12
  5189 | D:5      | Reached skill level 1 in Armour
  5191 | D:5      | Reached skill level 1 in Invocations
  5689 | D:5      | Learned a level 1 spell: Summon Small Mammal
  5878 | D:1      | Bought a scroll of brand weapon for 133 gold pieces
  6230 | D:5      | Found a staircase to the Ecumenical Temple.
  6239 | Temple   | Entered the Ecumenical Temple
  6475 | D:5      | Learned a level 3 spell: Call Canine Familiar
  6480 | D:5      | Learned a level 4 spell: Flame Wave
  6619 | D:6      | Found a glowing drain.
  6673 | Sewer    | Entered a sewer
  6811 | Sewer    | Reached skill level 1 in Hexes
  6811 | Sewer    | Reached skill level 1 in Summonings
  6960 | Sewer    | Reached skill level 6 in Axes
  7043 | Sewer    | Learned a level 3 spell: Confusing Touch
  7186 | D:6      | Identified the +0 leather armour of Igavvups {Dex+4 Stlth+}
  7350 | D:6      | Reached ** piety under Sif Muna
  7618 | D:6      | Reached XP level 9. HP: 67/69 MP: 8/13
  8285 | D:6      | Reached skill level 7 in Axes
  8334 | D:6      | Learned a level 3 spell: Stone Arrow
  8436 | D:6      | Found an ornate altar of the Wu Jian Council.
  8570 | D:7      | Found a flagged portal.
  8618 | Bailey   | Entered a bailey
  8624 | Bailey   | Noticed an orc warlord
  8701 | Bailey   | Slain by an orc warrior

Illustrated notes

Levels and vault maps discovered:
D:1:      nicolae_arrival_memento_mori, layout_loops_ring, serial_shops, shop,
          shop, nicolae_shop_overgrown_old_shop,
          hellmonk_ecumenical_altar_prayer_group
D:2:      layout_loops_cross
D:3:      layout_loops_corners, beargit_hepliaklqana_dungeon_heroes,
          lemuel_blue_sif_altar, minmay_unequal
D:4:      layout_loops_ring, gammafunk_ghost_nasty_kobolds, uniq_eustachio
D:5:      layout_basic, temple_statues, uniq_sigmund, uniq_blork_the_orc
D:6:      layout_basic, nzn_wu_jian_council_hall, portal_sewer_entry_a,
          kennysheep_potato
D:7:      layout_cave_pools, enter_bailey_6
Temple:   bh_familiar_temple
Bailey:   bailey_axe_bossmonster_kennysheep, bailey

Skill      XL: |  1  2  3  4  5  6  7  8  9 |
---------------+----------------------------+-----
Dodging        | 3 |  3.0
Fighting       | 3 4 |  4.0
Spellcasting   | 1 3 4 |  4.0
Conjurations   | 2 3 4 |  4.0
Fire Magic     | 2 3 |  3.0
Shields        | 2 |  2.0
Axes           | 5 6 7 |  7.0
Armour         | 2 |  2.0
Invocations    | 2 |  2.8
Hexes          | 1 2 |  2.0
Summonings     | 4 |  4.0
Throwing       | |  1.3

Action                   |  1- 3 |  4- 6 |  7- 9 || total
-------------------------+-------+-------+-------++-------
Melee: War axe           |    35 |    75 |   208 ||   318
       Tailslap          |    14 |    17 |    40 ||    71
       Punch             |     3 |       |       ||     3
       Short sword       |    66 |    67 |       ||   133
       Flail             |       |     9 |     1 ||    10
Throw: Throwing net      |     4 |     2 |       ||     6
       Javelin           |     1 |     1 |     1 ||     3
       Stone             |     1 |       |       ||     1
       Boomerang         |       |       |     2 ||     2
       Dart              |       |       |     1 ||     1
 Cast: Foxfire           |       |    10 |    33 ||    43
       Summon Small Mamm |       |       |     5 ||     5
       Call Canine Famil |       |       |    11 ||    11
 Abil: Rolling Charge    |     6 |    13 |    52 ||    71
Evoke: Wand              |       |       |     3 ||     3
  Use: Scroll            |       |     6 |     5 ||    11
 Stab: Distracted        |       |       |     1 ||     1
Armor: Leather armour    |    43 |    63 |    21 ||   127
       Robe              |       |       |    61 ||    61
Dodge: Dodged            |    39 |    60 |    76 ||   175
Block: Buckler           |       |     9 |    54 ||    63
